[Event "Early-Titled-Tuesday-Blitz-July-09-2024"]
[Site "Chess.com"]
[Date "2024.07.09"]
[Round "9"]
[White "AmbartsumianTyhran2012"]
[Black "KorolDimitriy75"]
[Result "1-0"]
[WhiteElo "2562"]
[BlackElo "2408"]
[TimeControl "180+1"]
[EndTime "9:44:14 PDT"]
[Termination "AmbartsumianTyhran2012 won on time"]

1. e4 c5 2. Bd3 g6 3. c3 Bg7 4. Bc2 Nc6 5. Nf3 e5 6. Na3 Nge7 7. d3 O-O 8. Nc4 d6 9. h4 h6 10. h5 g5 11. Ne3 f5 12. exf5 Nxf5 13. Nxf5 Bxf5 14. Be3 Qd7 15. Qe2 Rae8 16. O-O-O Nd4 17. cxd4 exd4 18. Bb3+ Kh8 19. Kb1 a5 20. Bd5 dxe3 21. fxe3 Be6 22. Be4 d5 23. Bg6 Bf7 24. Qc2 b6 25. d4 Rxe3 26. Rhe1 Rxe1 27. Rxe1 1-0

[Event "Early-Titled-Tuesday-Blitz-July-09-2024"]
[Site "Chess.com"]
[Date "2024.07.09"]
[Round "9"]
[White "pinelone"]
[Black "abelmat"]
[Result "1-0"]
[WhiteElo "2364"]
[BlackElo "2110"]
[TimeControl "180+1"]
[EndTime "9:44:14 PDT"]
[Termination "pinelone won on time"]

1. Nf3 d5 2. d4 Nf6 3. c4 e6 4. g3 Be7 5. Bg2 O-O 6. Qc2 dxc4 7. Qxc4 a6 8. Qc2 b5 9. Ne5 Ra7 10. O-O c5 11. dxc5 b4 12. Be3 Rc7 13. c6 Bd6 14.
Rd1 Qe7 15. Nc4 Rd8 16. Bb6 a5 17. Nxd6 Rxd6 18. Bxc7 Rxd1+ 19. Qxd1 Qxc7 20. a3 Nxc6 21. Bxc6 Qxc6 22. axb4 h6 23. bxa5 Bb7 24. f3 Qc5+ 25. Kg2 Ng4 26. Qd8+ Kh7 27. Qb6 Qc2 28. Nc3 1-0

[Event "Early-Titled-Tuesday-Blitz-July-09-2024"]
[Site "Chess.com"]
[Date "2024.07.09"]
[Round "9"]
[White "Antek_Radzimski"]
[Black "Ditman2007"]
[Result "1-0"]
[WhiteElo "2589"]
[BlackElo "2693"]
[TimeControl "180+1"]
[EndTime "9:44:17 PDT"]
[Termination "Antek_Radzimski won by resignation"]

1. e4 e6 2. Qe2 c5 3. Nf3 Nc6 4. g3 g6 5. Bg2 Bg7 6. O-O Nge7 7. c3 O-O 8. d4 cxd4 9. cxd4 d5 10. e5 Qb6 11. Rd1 Bd7 12. Nc3 Rfc8 13. Be3 Na5 14.
Rab1 Rc7 15. h4 Rac8 16. g4 Nc4 17. h5 Qa5 18. Bc1 Na3 19. Ra1 Qa6 20. Qe3 Nc2 21. Qg5 Nxa1 22. hxg6 hxg6 23. Qh4 Nc2 24. Bg5 Rxc3 25. bxc3 Rxc3 26. Bxe7 Qe2 27. Ng5 Qxd1+ 28. Kh2 1-0

[Event "Early-Titled-Tuesday-Blitz-July-09-2024"]
[Site "Chess.com"]
[Date "2024.07.09"]
[Round "9"]
[White "NikFil2013"]
[Black "noblerone"]
[Result "1-0"]
[WhiteElo "2404"]
[BlackElo "2496"]
[TimeControl "180+1"]
[EndTime "9:44:18 PDT"]
[Termination "NikFil2013 won by resignation"]

1. d4 d5 2. c4 c6 3. cxd5 cxd5 4.
Bf4 Nf6 5. e3 Nc6 6. Nc3 a6 7.
Bd3 Bg4 8. Qb3 Na5 9. Qc2 Rc8 10. Nge2 Bxe2 11. Qxe2 e6 12. O-O Bd6 13. Bxd6 Qxd6 14. Rac1 O-O 15. Na4 Nc4 16. Bxc4 dxc4 17. Rxc4 b5 18. Rxc8 Rxc8 19. Nc5 Nd7 20. b4 Nb6 21. Nxa6 Nc4 22. Nc5 h6 23. a4 e5 24. axb5 Nb6 25. Rd1 exd4 26. Rxd4 Qg6 27. h3 Ra8 28. Qd2 Qf6 29.
Rd6 Qa1+ 30. Kh2 Nc4 31. Rd8+ Kh7 32. Qd3+ g6 33. Rxa8 Qe5+ 34. f4 1-0

[Event "Early-Titled-Tuesday-Blitz-July-09-2024"]
[Site "Chess.com"]
[Date "2024.07.09"]
[Round "9"]
[White "Witik"]
[Black "chrisclaireredfield"]
[Result "1-0"]
[WhiteElo "2673"]
[BlackElo "2512"]
[TimeControl "180+1"]
[EndTime "9:44:20 PDT"]
[Termination "Witik won by resignation"]

1. d4 d5 2. Bf4 Bf5 3. c4 dxc4 4. Nc3 c6 5. e4 Bg6 6. Bxc4 e6 7.
Nge2 Nd7 8. f3 Ngf6 9. O-O Be7 10. Be3 O-O 11. Nf4 e5 12. Nxg6 hxg6 13. Kh1 exd4 14.
Bxd4 Bc5 15. e5 Nh5 16. e6 Qh4 17. Ne4 Bxd4 18. Qxd4 Nb6 19. exf7+ Kh8 20. Rad1 Rxf7 21. Bxf7 Ng3+ 22. Nxg3 1-0

[Event "Early-Titled-Tuesday-Blitz-July-09-2024"]
[Site "Chess.com"]
[Date "2024.07.09"]
[Round "9"]
[White "snowlord"]
[Black "Trendle"]
[Result "1-0"]
[WhiteElo "2915"]
[BlackElo "2674"]
[TimeControl "180+1"]
[EndTime "9:44:21 PDT"]
[Termination "snowlord won by resignation"]

1. g3 f5 2. b3 d6 3. d4 Nf6 4.
h4 e5 5. h5 Be6 6. Bg2 c6 7.
dxe5 dxe5 8. Qxd8+ Kxd8 9. Nf3 Nbd7 10. Bb2 Bd6 11. Ng5 Bg8 12. Nd2 e4 13. Nc4 Bb4+ 14. Kf1 h6 15. Nh3 Bxc4 16. bxc4 Nxh5 17. Nf4 Nxf4 18.
gxf4 Nf6 19. Bxf6+ gxf6 20. Rb1 a5 21. Rh5 Ke7 22.
Rxf5 Rad8 23. Bxe4 h5 24. c3 Bxc3 25. Rxb7+ Ke6 26.
Rc5 h4 27. Rxc6+ Rd6 28. Bd5+ Kf5 29. Rxd6 h3 30. Kg1 Bd2 31. e3 a4 32. Kh2 a3 33.
Be6+ Ke4 34. Rxd2 Kf3 35. Bd5+ Kg4 36. Rg7+ Kf5 37. e4+ Kxf4 38. Rg6 f5 39. Rf6 1-0

[Event "Early-Titled-Tuesday-Blitz-July-09-2024"]
[Site "Chess.com"]
[Date "2024.07.09"]
[Round "9"]
[White "talaicito"]
[Black "DawidCzerw"]
[Result "0-1"]
[WhiteElo "2345"]
[BlackElo "2485"]
[TimeControl "180+1"]
[EndTime "9:44:23 PDT"]
[Termination "DawidCzerw won on time"]

1. d4 d5 2. Bf4 e5 3. Nc3 exf4 4. Qd2 c6 5. Qxf4 Bd6 6. Qd2 Nf6 7. Nf3 Bf5 8. e3 O-O 9. Bd3 Ne4 10.
Bxe4 Bxe4 11. O-O-O b5 12. h4 Nd7 13. Nxe4 dxe4 14.
Ng5 Qe7 15. Qe2 f6 16. Nh3 Nb6 17. f3 Nc4 18. fxe4 Ba3 19. Rd3 Bxb2+ 20. Kb1 a5 21. Nf2 a4 22. Qe1 Ba3 23. h5 Bd6 24. g4 Bg3 25. h6 g6 26. e5 Bxf2 27. Qxf2 Qb4+ 28. Rb3 axb3 29. cxb3 Ra3 0-1

[Event "Early-Titled-Tuesday-Blitz-July-09-2024"]
[Site "Chess.com"]
[Date "2024.07.09"]
[Round "9"]
[White "WilsonPalencia21"]
[Black "MikeWizard"]
[Result "1-0"]
[WhiteElo "2572"]
[BlackElo "2071"]
[TimeControl "180+1"]
[EndTime "9:44:23 PDT"]
[Termination "WilsonPalencia21 won by resignation"]

1. d4 Nf6 2. Nf3 c5 3. d5 d6 4. g3 b5 5. Bg2 g6 6. O-O Bg7 7.
a4 b4 8. Re1 O-O 9. e4 Nbd7 10.
h3 Ba6 11. Nbd2 e5 12. dxe6 fxe6 13. e5 Nxe5 14. Nxe5 dxe5 15. Bxa8 Qxa8 16. Nf3 e4 17. Ng5 Rd8 18. Bd2 Qd5 19. Be3 Qa8 20. Qc1 Qc8 21. h4 Bb7 22. Rd1 Rxd1+ 23. Qxd1 Nd5 24. Qg4 Bxb2 25.
Rd1 Nf6 26. Qxe6+ Qxe6 27. Nxe6 c4 28. Bd4 Bxd4 29. Rxd4 Bd5 30. Nc7 b3 31. cxb3 cxb3 32. Nxd5 Nxd5 33. Rxd5 a6 34. Rd8+ Kf7 35. Rb8 1-0

[Event "Early-Titled-Tuesday-Blitz-July-09-2024"]
[Site "Chess.com"]
[Date "2024.07.09"]
[Round "9"]
[White "Losingexperience"]
[Black "Djager97"]
[Result "1-0"]
[WhiteElo "2728"]
[BlackElo "2623"]
[TimeControl "180+1"]
[EndTime "9:44:29 PDT"]
[Termination "Losingexperience won by resignation"]

1. e4 e6 2. d4 d5 3. Nc3 Nf6 4. e5 Nfd7 5. Nce2 c5 6. c3 Nc6 7. Nf3 cxd4 8. cxd4 f6 9. Nf4 Bb4+ 10. Bd2 Qe7 11.
Bxb4 Qxb4+ 12. Qd2 Qxd2+ 13. Kxd2 Ke7 14. exf6+ Nxf6 15. Bd3 Ne4+ 16. Ke3 Bd7 17. Bxe4 dxe4 18. Kxe4 Nb4 19.
Ne5 Rac8 20. a3 Nc2 21. Rac1 Ba4 22. Rhd1 g5 23. Ne2 Rhf8 24. f3 Bb3 25. g3 a5 26.
Nc3 a4 27. Rd2 h5 28. Ng6+ Kf6 29. Nxf8 Rxf8 30. Rdxc2 Bxc2+ 31. Rxc2 h4 32. gxh4 gxh4 33. Rg2 1-0

[Event "Early-Titled-Tuesday-Blitz-July-09-2024"]
[Site "Chess.com"]
[Date "2024.07.09"]
[Round "9"]
[White "ccccvhhhj"]
[Black "xh4823"]
[Result "1-0"]
[WhiteElo "2507"]
[BlackElo "2345"]
[TimeControl "180+1"]
[EndTime "9:44:29 PDT"]
[Termination "ccccvhhhj won by resignation"]

1. e4 g6 2. d4 Bg7 3. Nc3 a6 4. Be3 b5 5. f3 Bb7 6. Qd2 d6 7. O-O-O Nd7 8. g4 c5 9. h4 h6 10. Nh3 Rc8 11. Kb1 cxd4 12. Bxd4 Ne5 13. Be2 Kf8 14. f4 Nc4 15. Bxg7+ Kxg7 16. Bxc4 Rxc4 17. b3 Rc5 18. Qd4+ Nf6 19. g5 hxg5 20. hxg5 Qc7 21. gxf6+ exf6 22. Ng5 Qe7 23. Rxh8 Kxh8 24. Rh1+ Kg8 25.
Nh7 Kg7 26. Nxf6 1-0

[Event "Early-Titled-Tuesday-Blitz-July-09-2024"]
[Site "Chess.com"]
[Date "2024.07.09"]
[Round "9"]
[White "Shuvalov"]
[Black "ljuks68"]
[Result "1-0"]
[WhiteElo "2589"]
[BlackElo "2412"]
[TimeControl "180+1"]
[EndTime "9:44:35 PDT"]
[Termination "Shuvalov won on time"]

1. c4 c6 2. Nf3 d5 3. g3 Nf6 4.
Bg2 Bf5 5. cxd5 cxd5 6. Qb3 Qb6 7. Qxb6 axb6 8. Nc3 e6 9. d3 Bc5 10. Nb5 O-O 11. O-O h6 12. Bf4 Nc6 13. a3 g5 14.
Bd6 Ra5 15. Bxf8 Kxf8 16. Nc3 Ra8 17. b4 Be7 18. Nb5 g4 19. Nfd4 Nxd4 20. Nxd4 Bg6 21.
Nb5 e5 22. Rac1 e4 23. d4 Ne8 24. e3 Bf5 25. Rc3 Bd7 26. Nc7 Nxc7 27. Rxc7 Bc6 28. b5 Bxb5 29. Rb1 Bc6 30. Rxb6 Rxa3 31. Rc8+ Kg7 32.
Rb1 Ra2 33. Bf1 h5 34. Bb5 Bxb5 35. Rxb5 Ra1+ 36. Kg2 h4 37. gxh4 Bxh4 38. Rc2 1-0

[Event "Early-Titled-Tuesday-Blitz-July-09-2024"]
[Site "Chess.com"]
[Date "2024.07.09"]
[Round "9"]
[White "Sasha_Solovev_777"]
[Black "Dr_Pepper18"]
[Result "0-1"]
[WhiteElo "2298"]
[BlackElo "2437"]
[TimeControl "180+1"]
[EndTime "9:44:35 PDT"]
[Termination "Dr_Pepper18 won by resignation"]

1. e4 c6 2. d4 d5 3. Nc3 dxe4 4. Nxe4 Bf5 5. Ng3 Bg6 6. Nf3 e6 7. h4 h6 8. h5 Bh7 9. Bd3 Bxd3 10. Qxd3 Nf6 11.
Bd2 c5 12. O-O-O Nc6 13. Bc3 Qd5 14. Kb1 c4 15. Qe2 b5 16. Ne5 b4 17. Nxc6 Qxc6 18. Be1 Be7 19. f4 c3 20. b3 a5 21. f5 a4 22.
fxe6 fxe6 23. Bf2 O-O 24. Rhe1 Ra6 25. Qc4 axb3 26. cxb3 Qxc4 27. bxc4 Rfa8 28. Re2 b3 29. axb3 Ra1+ 30. Kc2 R8a2+ 31. Kxc3 Rxe2 32. Rxa1 Rxf2 33. Ra8+ Kf7 0-1

[Event "Early-Titled-Tuesday-Blitz-July-09-2024"]
[Site "Chess.com"]
[Date "2024.07.09"]
[Round "9"]
[White "ArmanGhevondyanchess"]
[Black "chess_peak"]
[Result "1-0"]
[WhiteElo "2754"]
[BlackElo "2560"]
[TimeControl "180+1"]
[EndTime "9:44:38 PDT"]
[Termination "ArmanGhevondyanchess won by resignation"]

1. Nf3 Nf6 2. d4 d5 3. g3 e6 4. Bg2 Be7 5. O-O O-O 6. c4 dxc4 7. Ne5 Nc6 8. Bxc6 bxc6 9. Nxc6 Qe8 10. Nxe7+ Qxe7 11. Qa4 c5 12. Qa3 Bb7 13. Qxc5 Qxc5 14. dxc5 Rfc8 15. Nc3 Rxc5 16. Be3 Rcc8 17. Rfd1 Nd5 18. Bd4 Nxc3 19. Bxc3 Rd8 20. f3 f5 21. Kf2 Kf7 22.
h4 g6 23. Ke3 Bc6 24. Kf4 Ba4 25.
Rxd8 Rxd8 26. b3 Be8 27. Kg5 Rc8 28. b4 Ba4 29. Kh6 Kg8 30. h5 gxh5 31. Rh1 Rc7 32.
Rxh5 Bd1 33. Rg5+ Kf8 34. e4 Bxf3 35. exf5 exf5 36. Rxf5+ Rf7 37. Rc5 Be2 38. Bg7+ Ke7 39. Re5+ 1-0

[Event "Early-Titled-Tuesday-Blitz-July-09-2024"]
[Site "Chess.com"]
[Date "2024.07.09"]
[Round "9"]
[White "Veleamater"]
[Black "Lady_Nika"]
[Result "1-0"]
[WhiteElo "2427"]
[BlackElo "2513"]
[TimeControl "180+1"]
[EndTime "9:44:38 PDT"]
[Termination "Veleamater won by checkmate"]

1. g3 d5 2. Bg2 c6 3. d3 Nf6 4.
h3 g6 5. Nf3 Bg7 6. O-O O-O 7.
Nc3 Nbd7 8. e4 e5 9. Nd2 d4 10. Ne2 Ne8 11. f4 Nd6 12. f5 f6 13. g4 g5 14. Nf3 h6 15. h4 c5 16. Rf2 b5 17. Bf1 a5 18. Rh2 c4 19. Ng3 Bb7 20. Bd2 Qc7 21. Nh5 Kf7 22. Nxg7 Kxg7 23. hxg5 hxg5 24.
Bxg5 Rh8 25. Bh4 Rag8 26. Rg2 Nf7 27. g5 fxg5 28. Bxg5 Nxg5 29. Nxg5 Kf6 30. Ne6 Qc8 31. Qf3 Rxg2+ 32. Bxg2 Qg8 33. Kf2 cxd3 34. cxd3 Qc8 35. Qd1 Nf8 36. Rc1 Qd7 37. Qg4 Qh7 38. Qg5+ Kf7 39. Rc7+ Ke8 40. Qd8# 1-0

[Event "Early-Titled-Tuesday-Blitz-July-09-2024"]
[Site "Chess.com"]
[Date "2024.07.09"]
[Round "9"]
[White "djano"]
[Black "oykuince"]
[Result "1-0"]
[WhiteElo "2612"]
[BlackElo "2179"]
[TimeControl "180+1"]
[EndTime "9:44:39 PDT"]
[Termination "djano won by resignation"]

1. e4 c5 2. Nc3 Nc6 3. f4 g6 4. Nf3 Bg7 5. a4 e6 6. e5 Nge7 7. Ne4 O-O 8. h4 Nf5 9. g4 Nfd4 10. c3 Nxf3+ 11. Qxf3 d5 12. Nf6+ Bxf6 13. exf6 Qxf6 14.
g5 Qg7 15. h5 e5 16. h6 Qh8 17. d3 e4 18. dxe4 dxe4 19. Qxe4 Bf5 20. Qc4 Rfe8+ 21.
Kf2 Rad8 22. Bg2 Bd3 23. Qxc5 Re2+ 24. Kg3 Rxg2+ 25. Kxg2 Be4+ 26. Kh2 Bxh1 27. Kxh1 f6 28. Qc4+ Kf8 29. Be3 Ke8 30. Qe6+ Ne7 31. Bc5 Rd7 32. gxf6 Qg8 33. Re1 Qxe6 34. Rxe6 Rd1+ 35. Kg2 Rd2+ 36. Kf3 Kf7 37. fxe7 1-0

[Event "Early-Titled-Tuesday-Blitz-July-09-2024"]
[Site "Chess.com"]
[Date "2024.07.09"]
[Round "9"]
[White "EvilMorty23"]
[Black "bilosuvenosu06"]
[Result "0-1"]
[WhiteElo "2403"]
[BlackElo "2560"]
[TimeControl "180+1"]
[EndTime "9:44:39 PDT"]
[Termination "bilosuvenosu06 won by checkmate"]

1. e4 c5 2. Nf3 Nc6 3. c3 Nf6 4. e5 Nd5 5. d4 cxd4 6. cxd4 d6 7.
Bc4 Nb6 8. Bd3 Bg4 9. O-O g6 10. h3 Bxf3 11. Qxf3 Bg7 12. e6 O-O 13. exf7+ Rxf7 14.
Qe4 Nxd4 15. Qxb7 Qc8 16. Qxc8+ Rxc8 17. Nc3 Nc6 18. Nb5 a6 19. Nc3 Nb4 20. Be2 a5 21.
Bd2 Nc4 22. Bxc4 Rxc4 23. a3 Nd3 24. Rab1 Bd4 25. Ne4 d5 26. Ng5 Rxf2 27. Rxf2 Nxf2 28. Kh2 Rc2 29. Bxa5 Bxb2 30. Bb4 e5 31. a4 h6 32. Nf3 Nd3 33. Bd6 e4 34. Ne1 Nxe1 35. Rxe1 Kf7 36. a5 Ke6 37. Bf4 g5 38. Bg3 Bc3 39.
Rb1 Bxa5 40. Ra1 Rc5 41. Rb1 d4 42. Rb8 Bc7 43. Re8+ Kd5 44. h4 gxh4 45. Bxc7 Rxc7 46. Kh3 e3 47. Kxh4 Rg7 48. g4 Kc4 49. Kh5 Kd3 50.
Ra8 e2 51. Ra3+ Kd2 52. Ra2+ Ke3 53. Ra8 d3 54. Re8+ Kd2 55. g5 Rxg5+ 56. Kh4 e1=Q+ 57. Rxe1 Kxe1 58. Kh3 d2 59. Kh2 d1=Q 60. Kh1 Qh5# 0-1

[Event "Early-Titled-Tuesday-Blitz-July-09-2024"]
[Site "Chess.com"]
[Date "2024.07.09"]
[Round "9"]
[White "SpeedofLight0"]
[Black "tusplingher"]
[Result "1-0"]
[WhiteElo "3135"]
[BlackElo "2693"]
[TimeControl "180+1"]
[EndTime "9:44:41 PDT"]
[Termination "SpeedofLight0 won by resignation"]

1. d4 Nf6 2. Nc3 d5 3. Bf4 a6 4. e3 e6 5. g4 Bd6 6. g5 Nfd7 7. Nf3 Bxf4 8. exf4 c5 9. h4 Nc6 10. Qd2 cxd4 11.
Nxd4 Qb6 12. O-O-O Nxd4 13. Qxd4 Qxd4 14. Rxd4 b6 15.
f5 Bb7 16. Bh3 e5 17. Re1 O-O-O 18. Rd2 d4 19. Ne4 Bxe4 20. Rxe4 f6 21. Rg4 h6 22. gxf6 gxf6 23. Rg6 Kc7 24. Bf1 b5 25. Bd3 Rdf8 26. f3 Rf7 27. Rdg2 Kd6 28. Rg7 Rhf8 29. R2g6 Rxg7 30. Rxg7 Re8 31. Rh7 Rg8 32. b4 Rg1+ 33. Kb2 Nb6 34. Rxh6 Nd5 35. Be4 Nc3 36. Rxf6+ Ke7 37.
Rxa6 Rb1+ 38. Ka3 Ra1 39. Re6+ Kd7 40. Bc6+ Kc7 41. f6 Rxa2+ 42. Kb3 Ra1 43. Bxb5 Nxb5 44. f7 Ra8 45. Re8 Ra3+ 46. Kb2 1-0

[Event "Early-Titled-Tuesday-Blitz-July-09-2024"]
[Site "Chess.com"]
[Date "2024.07.09"]
[Round "9"]
[White "maracayo"]
[Black "yaguigor"]
[Result "0-1"]
[WhiteElo "2442"]
[BlackElo "2619"]
[TimeControl "180+1"]
[EndTime "9:44:41 PDT"]
[Termination "yaguigor won by resignation"]

1. e4 e5 2. Nf3 Nc6 3. Bb5 f5 4. d4 fxe4 5. Bxc6 dxc6 6. Nxe5 Nf6 7. Bg5 c5 8. c3 Be6 9. O-O Be7 10. Re1 O-O 11. Bxf6 gxf6 12. Ng4 f5 13. Ne5 Bf6 14. f4 cxd4 15. cxd4 c6 16. Nc3 Qd6 17. Re3 Rad8 18. Rg3+ Kh8 19. Qh5 Qxd4+ 20. Kh1 Bxe5 21. fxe5 Qxe5 22. Rf1 Rd7 23. Rg5 Rg7 24. h3 Rfg8 25. Rxg7 Qxg7 26. Qe2 Bc4 0-1

[Event "Early-Titled-Tuesday-Blitz-July-09-2024"]
[Site "Chess.com"]
[Date "2024.07.09"]
[Round "9"]
[White "Yan_Dyomin2010"]
[Black "Kotofeyca"]
[Result "1-0"]
[WhiteElo "2735"]
[BlackElo "2505"]
[TimeControl "180+1"]
[EndTime "9:44:42 PDT"]
[Termination "Yan_Dyomin2010 won by checkmate"]

1. e4 c5 2. Nf3 d6 3. d4 cxd4 4. Qxd4 Nc6 5. Bb5 Bd7 6. Bxc6 Bxc6 7. Nc3 Nf6 8. Bg5 e6 9. O-O-O Be7 10. Rhe1 O-O 11. Kb1 Qa5 12. Qd2 Qc7 13. Nd4 a6 14. f3 b5 15. g4 b4 16. Nce2 a5 17. Ng3 Rfb8 18. Nh5 Bb7 19. Bxf6 Bxf6 20. Nxf6+ gxf6 21. Qh6 Qe7 22. Rg1 Kh8 23. Nf5 exf5 24. exf5 Bxf3 25. Rde1 Be4 26. g5 Rg8 27. gxf6 Qe5 28. Rg7 Qxf5 29. Rxf7 Bxc2+ 30. Ka1 Rae8 31. Rc1 Re6 32.
Rf8 Re8 33. Rxe8 Rxe8 34. Qg7# 1-0

[Event "Early-Titled-Tuesday-Blitz-July-09-2024"]
[Site "Chess.com"]
[Date "2024.07.09"]
[Round "9"]
[White "RedFirePanda"]
[Black "waltereador"]
[Result "0-1"]
[WhiteElo "2433"]
[BlackElo "2338"]
[TimeControl "180+1"]
[EndTime "9:44:42 PDT"]
[Termination "waltereador won by resignation"]

1. d4 d5 2. Bf4 c6 3. e3 Nf6 4. c3 e6 5. Nd2 Bd6 6. Bg3 b6 7.
Ngf3 Bb7 8. Bd3 h6 9. O-O O-O 10. Re1 Bxg3 11. hxg3 Nbd7 12. e4 dxe4 13. Nxe4 Nxe4 14. Bxe4 Qc7 15. Qe2 c5 16. Bxb7 Qxb7 17. Rad1 Rad8 18. a3 cxd4 19. Nxd4 Nf6 20. Nb5 a6 21.
Nd6 Qc7 22. Nc4 b5 23. Ne5 Nd7 24. Nf3 Nf6 25. Nd4 Rd5 26. Qe3 Rfd8 27. Qe2 Kf8 28. Ra1 Nd7 29. Qxe6 Nf6 30. Qxa6 Kg8 31. Nxb5 Qb8 32. a4 Rd2 33. b4 Ng4 34. Rf1 Qe5 35.
Qc6 Qh5 36. Qxh6 gxh6 0-1

[Event "Early-Titled-Tuesday-Blitz-July-09-2024"]
[Site "Chess.com"]
[Date "2024.07.09"]
[Round "9"]
[White "masterofpuppets2"]
[Black "Rile-Man"]
[Result "1-0"]
[WhiteElo "2496"]
[BlackElo "2639"]
[TimeControl "180+1"]
[EndTime "9:44:52 PDT"]
[Termination "masterofpuppets2 won by checkmate"]

1. d4 Nf6 2. c4 e6 3. Nf3 b6 4.
g3 Bb7 5. Bg2 g6 6. O-O Bg7 7.
Nc3 Ne4 8. Qc2 Nxc3 9. Qxc3 c5 10. Rd1 O-O 11. Qc2 cxd4 12. Nxd4 Bxg2 13. Kxg2 Qc7 14.
Nb5 Qc6+ 15. e4 a6 16. Nd6 f5 17. Bf4 fxe4 18. Qxe4 Qxe4+ 19. Nxe4 Bxb2 20. Rab1 Ba3 21. Rxb6 Rc8 22. c5 a5 23. Rb7 Rd8 24. Bg5 Rc8 25. Nf6+ Kh8 26. Nxd7 Na6 27. Bf6+ Kg8 28. Nb6 Rab8 29.
Rg7+ Kf8 30. Nd7+ Ke8 31. Re7+ Kd8 32. Nxb8# 1-0

[Event "Early-Titled-Tuesday-Blitz-July-09-2024"]
[Site "Chess.com"]
[Date "2024.07.09"]
[Round "9"]
[White "HelenaWalker2912"]
[Black "patzer-reloaded"]
[Result "1-0"]
[WhiteElo "2500"]
[BlackElo "2347"]
[TimeControl "180+1"]
[EndTime "9:44:52 PDT"]
[Termination "HelenaWalker2912 won by resignation"]

1. d4 Nf6 2. c4 e6 3. Nc3 Bb4 4.
g3 O-O 5. Bg2 d5 6. Nf3 dxc4 7.
O-O Nc6 8. Qa4 a6 9. Ne5 Nxe5 10. dxe5 Bxc3 11. bxc3 b5 12. Qc2 Nd5 13. Ba3 Bb7 14.
Bxf8 Qxf8 15. a4 c6 16. Rfd1 Qc5 17. e4 Nb6 18. axb5 cxb5 19. Rd6 Na4 20. Rad1 h6 21. Rd8+ Rxd8 22. Rxd8+ Kh7 23. Rd7 Bc6 24. Rxf7 Qxe5 25. Ra7 Nxc3 26. Rxa6 Bxe4 27. Bxe4+ Nxe4 28. f3 Qd4+ 29. Kf1 b4 30. Qxe4+ Qxe4 31. fxe4 b3 32. Rb6 Kg6 33. Rb4 Kf6 34. Rxc4 Ke5 35. Rb4 1-0

[Event "Early-Titled-Tuesday-Blitz-July-09-2024"]
[Site "Chess.com"]
[Date "2024.07.09"]
[Round "9"]
[White "eljanov"]
[Black "maciek_92"]
[Result "1-0"]
[WhiteElo "2942"]
[BlackElo "2848"]
[TimeControl "180+1"]
[EndTime "9:44:53 PDT"]
[Termination "eljanov won by resignation"]

1. d4 b6 2. e4 Bb7 3. Nc3 e6 4. Nf3 Bb4 5. Bd3 d5 6. exd5 Qxd5 7. O-O Bxc3 8. bxc3 Nf6 9. Ba3 Nbd7 10. Re1 O-O-O 11. c4 Qa5 12. Bb2 g5 13. Nd2 g4 14. d5 exd5 15.
Nb3 Qa4 16. c5 Kb8 17. Nd4 c6 18. cxb6 axb6 19. Nf5 Rhe8 20. Qd2 Ne4 21. Qf4+ Ka7 22. Nd6 Nxd6 23. Qxa4+ Kb8 24. Qf4 Kc7 25. Ba3 c5 26. Bb5 Bc6 27. Bxc6 Kxc6 28. Bb2 Nc4 29. Bg7 Rxe1+ 30.
Rxe1 Ra8 31. Qxf7 Rxa2 32. Re6+ Nd6 33. Qe7 d4 34. Qxd6+ Kb5 35. Qxd7+ Kc4 36. Re1 1-0

[Event "Early-Titled-Tuesday-Blitz-July-09-2024"]
[Site "Chess.com"]
[Date "2024.07.09"]
[Round "9"]
[White "Hikaru"]
[Black "Boundless_Strike"]
[Result "1-0"]
[WhiteElo "3210"]
[BlackElo "2816"]
[TimeControl "180+1"]
[EndTime "9:44:53 PDT"]
[Termination "Hikaru won on time"]

1. e4 d6 2. d4 e5 3. Nf3 Bg4 4. dxe5 Nc6 5. exd6 Bxd6 6. h3 Bh5 7. Nc3 Qe7 8. Bb5 Nf6 9. Bg5 h6 10. Bxf6 Qxf6 11.
Qd5 Bxf3 12. Bxc6+ Ke7 13. Bxb7 Bxg2 14. e5 Bxe5 15.
Qc5+ Bd6 16. Bxg2 Bxc5 17. Nd5+ Kd6 18. Nxf6 Rae8+ 19. Nxe8+ Rxe8+ 20. Kf1 1-0

[Event "Early-Titled-Tuesday-Blitz-July-09-2024"]
[Site "Chess.com"]
[Date "2024.07.09"]
[Round "9"]
[White "stepanosinovsky"]
[Black "WindWhistler11"]
[Result "0-1"]
[WhiteElo "2341"]
[BlackElo "2465"]
[TimeControl "180+1"]
[EndTime "9:44:54 PDT"]
[Termination "WindWhistler11 won on time"]

1. e4 e6 2. d3 d5 3. Nd2 Nf6 4. Ngf3 Be7 5. g3 O-O 6. Bg2 c5 7. O-O Nc6 8. Re1 b5 9. a4 b4 10. exd5 Nxd5 11. d4 Bb7 12. dxc5 Bxc5 13. Nb3 Bb6 14.
Bg5 Qc7 15. Qe2 h6 16. Bd2 a5 17.
c4 bxc3 18. bxc3 Ba6 19. Qe4 Qa7 20. Nfd4 Nce7 21. Rac1 Rac8 22. Qf3 Bc4 23. Rb1 Ng6 24. Nb5 Qd7 25. N3d4 Rce8 26. Rbd1 f5 27. h4 e5 28. h5 e4 29. Qxf5 Rxf5 30. Nxf5 Qxf5 0-1

[Event "Early-Titled-Tuesday-Blitz-July-09-2024"]
[Site "Chess.com"]
[Date "2024.07.09"]
[Round "9"]
[White "kritipatel"]
[Black "boguszp"]
[Result "1-0"]
[WhiteElo "2119"]
[BlackElo "1946"]
[TimeControl "180+1"]
[EndTime "9:44:55 PDT"]
[Termination "kritipatel won by checkmate"]

1. e4 c6 2. d4 d5 3. exd5 cxd5 4.
Bd3 Nc6 5. c3 Nf6 6. Bf4 g6 7. Nf3 Bg4 8. O-O Bg7 9. h3 Bxf3 10.
Qxf3 O-O 11. Nd2 e6 12. a4 Qb6 13. b4 a5 14. Rfb1 Rfc8 15. b5 Ne7 16. Rc1 Nf5 17. Be5 Nd7 18. Bxg7 Kxg7 19. Bxf5 gxf5 20. Qg3+ Kh8 21.
Nf3 Qc7 22. Qh4 Qd8 23. Ng5 Kg7 24. Qxh7+ Kf6 25. Qh5 Qg8 26. Nh7+ Ke7 27. Ng5 Nf6 28. Qh4 Qg6 29. f4 Rh8 30. Qe1 Ne4 31. Nxe4 fxe4 32. Qe3 Rag8 33. Ra2 Rg7 34. c4 Rhg8 35. Rcc2 Qf6 36. c5 Rg3 37. Qc1 Rxh3 38. c6 e3 39. Qa3+ Kd8 40. Qd6+ Kc8 41. Qd7+ Kb8 42. Qxb7# 1-0

[Event "Early-Titled-Tuesday-Blitz-July-09-2024"]
[Site "Chess.com"]
[Date "2024.07.09"]
[Round "9"]
[White "Erdnya15"]
[Black "rionelG"]
[Result "1-0"]
[WhiteElo "2596"]
[BlackElo "2435"]
[TimeControl "180+1"]
[EndTime "9:44:56 PDT"]
[Termination "Erdnya15 won by checkmate"]

1. c4 e5 2. g3 Nc6 3. Bg2 f5 4.
Nc3 Nf6 5. e3 d5 6. cxd5 Nb4 7.
d3 c6 8. Nge2 Nfxd5 9. d4 e4 10.
O-O Bd6 11. a3 Nd3 12. Nxd5 cxd5 13. Nc3 Be6 14. Qb3 O-O 15. Rd1 b6 16. Rxd3 exd3 17. Bxd5 Bxd5 18. Qxd5+ Kh8 19. Bd2 Be7 20. Qc4 f4 21.
exf4 Bf6 22. Be3 Qd7 23. Qxd3 Rfd8 24. Rd1 Rac8 25. Ne4 Qe7 26. Ng5 h6 27. Qh7# 1-0

[Event "Early-Titled-Tuesday-Blitz-July-09-2024"]
[Site "Chess.com"]
[Date "2024.07.09"]
[Round "9"]
[White "Oleksandr_Bortnyk"]
[Black "GoltsevDmitry2000"]
[Result "1-0"]
[WhiteElo "3059"]
[BlackElo "2745"]
[TimeControl "180+1"]
[EndTime "9:44:57 PDT"]
[Termination "Oleksandr_Bortnyk won on time"]

1. e4 e6 2. Nf3 d5 3. e5 c5 4. d4 cxd4 5. Bd3 Nc6 6. O-O Nge7 7. Bf4 Nf5 8. h3 Be7 9. Bxf5 exf5 10. Nxd4 Nxd4 11.
Qxd4 Be6 12. Nc3 a6 13. Rfd1 Rc8 14. Nxd5 Qxd5 15. Qxd5 Bxd5 16. Rxd5 Rxc2 17. Rad1 O-O 18. Be3 f4 19. Bxf4 Rxb2 20. a4 Rb4 21. Be3 Rxa4 22. Rd7 Bb4 23. Rxb7 Bc3 24. Bc5 Rc8 25. Rc7 Ra8 26. Ra7 Rc8 27. Rdd7 Bxe5 28. g3 Rc4 29.
Bb6 R4c6 30. Rdb7 Rf6 31. g4 h6 32. Kg2 Rxb6 33. Rxb6 Bd4 34. Rbxa6 1-0